Map: Acropolis LE

Players

LiquidMaNa (MaNa)

  • Race: Protoss Protoss
  • League: Grandmaster
  • Spawn Location: 5:00

TSGSolar (Solar) - Winner!

  • Race: Zerg Zerg
  • League: Diamond
  • Spawn Location: 11:00

Event: HomeStory Cup XX

VOD

Have the link to the VOD?

Description

Time

  • Played on: Nov. 24, 2019, 5:10 a.m.
  • Length: 13:15

All games in this series

Show
View Real Time Build Order
Export as new Build Order

LiquidMaNa Protoss 

Build Orders: 1 Gate Expand, Phoenix Opening, Carriers, Mass Phoenix 

Get SALT Encoding   

  12  0:00  Probe  
  13  0:13  Probe, Pylon  
  14  0:21  Probe  
  15  0:32  Probe  
  16  0:42  Gateway  
  16  0:44  Probe  
  16  0:49  Assimilator  
  17  0:55  Probe  
  18  1:03  Probe  
  19  1:11  Probe  
  20  1:25  Nexus  
  20  1:35  Cybernetics Core  
  20  1:38  Probe  
  21  1:45  Assimilator  
  21  1:50  Probe  
  22  1:57  Pylon  
  22  2:02  Probe  
  22  2:05  Adept  
  23  2:15  Probe  
  26  2:19  Stargate  
  26  2:24  Warp Gate  
  26  2:26  Stalker  
  26  2:27  Probe  
  29  2:38  Probe  
  29  2:41  Probe  
  31  2:50  Probe  
  32  2:53  Probe  
  32  2:54  Adept  
  35  3:02  Probe, Phoenix  
  39  3:05  Probe  
  39  3:15  Probe  
  39  3:17  Probe  
  39  3:19  Gateway, Phoenix  
  41  3:27  Probe  
  42  3:29  Pylon  
  42  3:32  Probe  
  45  3:35  Assimilator  
  45  3:43  Assimilator  
  45  3:46  Probe  
  45  3:47  Probe, Phoenix  
  49  3:50  Pylon  
  49  3:58  Probe  
  49  3:59  Probe  
  49  4:02  Stargate  
  51  4:10  Probe  
  51  4:11  Probe  
  51  4:13  Phoenix  
  55  4:20  Pylon  
  55  4:22  Probe  
  55  4:23  Probe  
  57  4:34  Probe  
  57  4:35  Probe, Phoenix  
  61  4:40  Adept x2, Phoenix  
  67  4:46  Probe  
  67  4:47  Probe  
  69  4:57  Pylon  
  69  4:59  Robotics Facility  
  69  5:12  Probe  
  70  5:20  Phoenix x2  
  74  5:31  Fleet Beacon  
  74  5:36  Nexus  
  74  5:42  Immortal  
  74  5:44  Pylon  
  74  5:59  Pylon  
  74  6:00  Pylon  
  74  6:05  Pylon  
  74  6:09  Protoss Air Weapons Level 1, Carrier  
  74  6:10  Zealot x2  
  78  6:11  Carrier  
  77  6:24  Probe x2  
  87  6:38  Probe x2  
  89  6:48  Assimilator, Probe  
  89  6:50  Assimilator, Probe x2, Unknown, Stargate  
  92  7:00  Probe  
  93  7:01  Shield Battery  
  93  7:02  Probe x2  
  95  7:08  Shield Battery, Void Ray x2  
  95  7:12  Probe  
  95  7:14  Probe  
  101  7:17  Carrier  
  101  7:21  Probe  
  106  7:24  Probe  
  106  7:27  Probe  
  108  7:33  Probe  
  115  7:41  Shield Battery  
  115  7:43  Pylon, Shield Battery  
  115  7:45  Pylon  
  115  7:46  Pylon  
  115  7:48  Zealot  
  117  7:53  Void Ray  
  121  8:02  Protoss Air Weapons Level 2  
  121  8:03  Void Ray  
  125  8:07  Probe x2  
  121  8:24  Carrier  
  127  8:36  Nexus, Gateway  
  127  8:39  Void Ray  
  131  8:42  Zealot x2  
  131  8:57  Pylon  
  131  9:00  Void Ray  
  131  9:09  Zealot x2  
  137  9:13  Void Ray  
  133  9:19  Carrier  
  143  9:35  Nexus  
  143  9:36  Pylon  
  143  9:37  Zealot x2  
  143  9:38  Pylon  
  147  9:54  Carrier  
  147  9:55  Pylon  
  147  9:56  Pylon  
  147  9:58  Pylon  
  152  10:13  Probe  
  153  10:14  Void Ray  
  153  10:16  Zealot  
  157  10:27  Carrier  
  139  10:47  Nexus  
  139  10:48  Carrier  
  139  10:49  Carrier  
  139  10:52  Pylon  
  139  10:53  Zealot x3  
  139  10:54  Pylon  
  157  11:12  Shield Battery x2  
  157  11:14  Shield Battery  
  157  11:15  Shield Battery  
  157  11:17  Shield Battery  
  157  11:20  Void Ray  
  157  11:30  Zealot x3  
  159  11:35  Twilight Council  
  155  11:45  Shield Battery  
  155  11:46  Shield Battery  
  151  11:59  Carrier  
  151  12:00  Zealot x3  
  133  12:24  Stalker x3  
Show
View Real Time Build Order
Export as new Build Order

TSGSolar Zerg - Winner!

Build Orders: Hatch First 

Get SALT Encoding   

  12  0:01  Drone  
  13  0:12  Overlord  
  13  0:16  Drone  
  14  0:30  Drone  
  14  0:31  Drone  
  16  0:48  Drone x2  
  18  0:56  Hatchery  
  17  0:59  Drone  
  18  1:06  Extractor  
  17  1:17  Spawning Pool, Drone  
  17  1:21  Drone  
  18  1:29  Drone  
  19  1:39  Drone  
  20  1:52  Overlord  
  20  2:04  Queen  
  20  2:08  Zergling x4, Queen  
  24  2:11  Drone  
  27  2:16  Metabolic Boost  
  27  2:19  Drone  
  28  2:25  Drone  
  29  2:37  Hatchery  
  29  2:38  Drone  
  30  2:44  Drone  
  30  2:49  Queen  
  32  2:52  Overlord  
  32  2:54  Zergling x2  
  32  2:58  Drone  
  34  3:02  Drone x2  
  36  3:11  Drone  
  37  3:17  Drone x4  
  41  3:20  Drone, Overlord  
  41  3:22  Drone  
  41  3:26  Drone  
  44  3:28  Spore Crawler  
  43  3:35  Drone  
  43  3:37  Spore Crawler, Queen  
  45  3:42  Drone x2  
  47  3:50  Queen  
  47  3:51  Drone  
  47  3:52  Drone x2  
  52  3:55  Overlord  
  52  4:01  Zergling x6  
  55  4:03  Zergling x2  
  55  4:06  Drone x2  
  58  4:10  Overlord  
  58  4:12  Overlord  
  58  4:14  Drone x2  
  60  4:23  Zergling x4  
  62  4:26  Drone  
  62  4:29  Lair  
  62  4:30  Roach Warren  
  61  4:32  Drone  
  61  4:35  Drone x2  
  63  4:41  Extractor x2  
  63  4:44  Overlord  
  61  4:46  Drone x4  
  65  4:55  Drone x3  
  65  4:56  Queen x2  
  65  4:59  Overlord  
  72  5:09  Zergling x4  
  72  5:11  Roach x4  
  72  5:12  Drone x2  
  84  5:14  Spore Crawler, Extractor  
  84  5:15  Extractor  
  84  5:19  Drone  
  84  5:20  Drone x2  
  84  5:21  Drone x3  
  86  5:28  Spore Crawler  
  86  5:29  Overlord  
  86  5:32  Spire  
  83  5:38  Drone x3  
  83  5:39  Spore Crawler, Drone x2  
  83  5:41  Drone  
  83  5:42  Drone  
  86  5:43  Drone  
  86  5:44  Drone  
  86  5:48  Overlord  
  88  5:50  Drone  
  88  5:51  Drone  
  88  5:54  Extractor  
  88  5:56  Drone x2  
  91  6:01  Glial Reconstitution  
  91  6:02  Overseer  
  91  6:06  Overlord  
  91  6:07  Zergling x10  
  91  6:08  Zergling x2  
  91  6:11  Overseer  
  97  6:13  Drone  
  97  6:15  Drone  
  97  6:17  Baneling Nest  
  97  6:18  Evolution Chamber, Drone  
  98  6:24  Drone  
  98  6:25  Drone  
  94  6:26  Drone  
  94  6:27  Drone x3  
  90  6:33  Drone  
  90  6:39  Overlord  
  91  6:42  Overlord  
  91  6:45  Hydralisk Den  
  91  6:46  Roach x3  
  96  6:51  Corruptor x3  
  102  6:59  Overlord  
  102  7:05  Corruptor x2  
  106  7:08  Drone  
  106  7:10  Hatchery, Centrifical Hooks  
  106  7:13  Zerg Melee Weapons Level 1  
  106  7:14  Corruptor  
  107  7:17  Overlord  
  107  7:19  Corruptor  
  107  7:22  Corruptor  
  111  7:26  Zergling x8  
  111  7:27  Zergling x2  
  111  7:29  Overlord  
  115  7:31  Overlord  
  115  7:35  Corruptor  
  116  7:39  Drone x3  
  116  7:41  Drone  
  120  7:44  Infestation Pit  
  120  7:46  Ravager  
  120  7:47  Ravager  
  120  7:48  Ravager  
  120  7:49  Roach x2  
  126  7:53  Drone x7  
  133  7:59  Overlord  
  133  8:06  Zergling x4  
  133  8:10  Overlord  
  135  8:14  Corruptor x3, Infestation Pit  
  135  8:15  Extractor x2  
  135  8:20  Zerg Flyer Weapons Level 1  
  135  8:21  Overlord  
  135  8:25  Corruptor  
  133  8:27  Drone x5  
  133  8:28  Drone  
  133  8:31  Spore Crawler  
  138  8:37  Corruptor x2  
  142  8:44  Zergling x6  
  144  8:52  Corruptor x3  
  149  8:56  Zergling x14  
  149  9:02  Hive  
  153  9:03  Overlord  
  153  9:06  Corruptor  
  153  9:09  Drone  
  158  9:10  Drone x2  
  158  9:15  Corruptor  
  158  9:16  Corruptor  
  157  9:20  Corruptor  
  154  9:25  Overlord  
  154  9:28  Corruptor x2  
  154  9:30  Overlord  
  157  9:31  Drone x2  
  157  9:39  Zerg Melee Weapons Level 2  
  157  9:42  Corruptor x2  
  157  9:44  Baneling x2  
  160  9:49  Zergling x14  
  160  9:51  Hatchery  
  165  9:56  Corruptor x2  
  169  10:06  Corruptor x2  
  165  10:17  Corruptor x3  
  165  10:22  Zergling x28  
  165  10:28  Zergling x8  
  177  10:33  Corruptor  
  165  10:39  Viper x2  
  171  10:44  Corruptor  
  171  10:46  Zergling x4  
  175  10:53  Extractor  
  175  10:54  Zerg Flyer Armor Level 1  
  175  10:56  Zergling x8  
  178  10:58  Extractor  
  178  11:02  Adrenal Glands  
  174  11:05  Drone x2  
  174  11:08  Corruptor  
  174  11:11  Corruptor  
  178  11:12  Zergling x14  
  178  11:14  Pneumatized Carapace  
  178  11:16  Overseer  
  187  11:21  Baneling x4  
  187  11:22  Baneling  
  187  11:27  Corruptor  
  187  11:30  Zergling x20  
  198  11:38  Corruptor  
  198  11:45  Baneling x14  
  193  11:55  Corruptor x3  
  182  12:03  Corruptor x2  
  178  12:09  Zergling x14  
  178  12:10  Zergling x20  
  186  12:16  Corruptor  
  186  12:19  Viper x2  
  186  12:22  Zergling x6  
  189  12:31  Corruptor x3  
  189  12:36  Queen x3  
  197  12:37  Queen  
  197  12:39  Corruptor  
Tags
 
Add a new tag
Caveats
  • Supply blocks, unpowered buildings, or Contaminate may cause inaccurate times.
  • Supply counts are checked every 10 seconds.